 Dungeon Crawl Stone Soup version 0.29-a0-82-g837932c90e (webtiles) character file.

Game seed: 6258922349070077630

4 HallandMoats the Ruffian (level 1, 0/19 HPs)
             Began as a Ghoul Monk on Feb 5, 2022.
             Slain by a jackal (3 damage)
             ... on level 1 of the Dungeon.
             The game lasted 00:00:20 (174 turns).

HallandMoats the Ruffian (Ghoul Monk)                Turns: 174, Time: 00:00:21

Health: 0/19       AC:  2    Str: 14    XL:     1   Next: 60%
Magic:  0/0        EV: 12    Int:  5    God:
Gold:   8          SH:  0    Dex: 11    Spells: 0/0 levels left

rFire   . . .      SeeInvis .     - Unarmed
rCold   + . .      Faith    .   (no shield)
rNeg    + + +      Spirit   .   a - +0 robe
rPois   ∞          Reflect  .   (no helmet)
rElec   .          Harm     .   (no cloak)
rCorr   .          Rampage  .   (no gloves)
Will    .....                   (no boots)
Stlth   ++........              (no amulet)
HPRegen 0.00/turn               (no ring)
MPRegen 0.07/turn               (no ring)

@: inhibited regen
A: claws 1, cold resistance 1, negative energy resistance 3, inhibited
regeneration, torment resistance 2
a: no special abilities


You were on level 1 of the Dungeon.
You visited 1 branch of the dungeon, and saw 1 of its levels.

You collected 8 gold pieces.

Inventory:

Armour
 a - a +0 robe (worn)


   Skills:
 * Level 3.4 Fighting
 + Level 0.2 Armour
 + Level 2.7 Dodging
 - Level 2.1 Stealth
 * Level 3.4 Unarmed Combat


You couldn't memorise any spells.
You didn't know any spells.
Your spell library was empty.

Dungeon Overview and Level Annotations

Branches:
Dungeon (1/15)

Altars:


Innate Abilities, Weirdness & Mutations

You thrive by killing the living.
You are immune to poison.
You have sharp fingernails.
Your flesh is cold resistant. (rC+)
You are immune to negative energy. (rN+++)
You do not regenerate when monsters are visible.
You are immune to unholy pain and torment.


Message History

You scratch the bush.
The bush is lightly damaged.
The jackal completely misses you. The hobgoblin hits you. The jackal bites you.
You scratch the bush but do no damage.
The bush is lightly damaged.
The hobgoblin closely misses you. The jackal bites you.
You scratch the bush but do no damage.
The bush is lightly damaged.
The hobgoblin hits you.
* * * LOW HITPOINT WARNING * * *
The jackal closely misses you.
You scratch the bush.
The bush is lightly damaged.
The jackal barely misses you. The hobgoblin misses you.
You scratch the bush.
The bush is lightly damaged.
The jackal closely misses you. The hobgoblin barely misses you.
The jackal barely misses you.
You scratch the bush but do no damage.
The bush is lightly damaged.
The jackal barely misses you. The hobgoblin closely misses you.
You scratch the bush but do no damage.
The bush is lightly damaged.
The jackal closely misses you. The hobgoblin closely misses you.
You scratch the bush but do no damage.
The bush is lightly damaged.
The jackal barely misses you. The hobgoblin closely misses you.
The jackal completely misses you.
You claw the bush!
The bush is moderately damaged.
The jackal bites you.
* * * LOW HITPOINT WARNING * * *
The hobgoblin barely misses you.
You scratch the bush but do no damage.
The bush is moderately damaged.
The jackal closely misses you. The hobgoblin closely misses you.
You scratch the bush but do no damage.
The bush is moderately damaged.
The jackal bites you.
You die...

.. ..# ####P ♣♣..#
.... ♣♣...# ##
#..♣♣.... .. #
..(♣..P####♣.♣ #.P
♣P..........
#.P.♣♣g......#########
P.P@h..>...'........
#...#.......#########
##########.## .....
#.....# #.....#
#...... #..h....


You could see a jackal and a hobgoblin.

Vanquished Creatures
  A giant cockroach (D:1)
  A kobold (D:1)
  A ball python (D:1)
  A bat (D:1)
4 creatures vanquished.

Vanquished Creatures (others)
  A plant (D:1)
1 creature vanquished.

Grand Total: 5 creatures vanquished

Notes
Turn   | Place    | Note
-------+----------+-------------------------------------------
     0 | D:1      | HallandMoats the Ghoul Monk began the quest for the Orb.
     0 | D:1      | Reached XP level 1. HP: 19/19 MP: 0/0
   174 | D:1      | Slain by a jackal

Illustrated notes

Levels and vault maps discovered:
D:1:      heliophobic_arrival_glass_houses, layout_basic, serial_forest,
          infiniplex_forest_clump_diagonal, infiniplex_forest_clump_tiny,
          infiniplex_forest_corner_1, infiniplex_forest_straight_2,
          infiniplex_forest_clump_diagonal, infiniplex_forest_fountain,
          infiniplex_forest_lined_2, infiniplex_forest_clump_large,
          infiniplex_forest_lined_4_way, serial_shops, shop, shop, shop

Action                   || total
-------------------------++-------
Melee: Unarmed           ||    34
       Punch             ||     1
Armor: Robe              ||    10
Dodge: Dodged            ||    44

Table legend: (Time is in decaauts)
 A = Elapsed time spent in this place.
 B = Non-inter-level travel time spent in this place.
 C = Inter-level travel time spent in this place.
 D = Time resting spent in this place.
 E = Time spent auto-exploring this place.
 F = Levels seen in this place.
 G = Mean time per level.
                   A        B        C        D        E       F      G
               +--------+--------+--------+--------+--------+-----+--------+
         Total |    171 |    171 |      0 |      0 |     69 |   1 |  171.0 |
       Dungeon |    171 |    171 |      0 |      0 |     69 |   1 |  171.0 |
               +--------+--------+--------+--------+--------+-----+--------+

Top non-repeatable levels by time:
     D:1: 171 daAuts
